 Dungeon Crawl Stone Soup version 0.31.0-11-ge490571c62 (webtiles) character file.

Game seed: 13648657986986155746

179 qw the Skirmisher (level 5, -1/29 HPs)
             Began as a Deep Elf Hunter on Feb 3, 2024.
             Incinerated by a bombardier beetle (6 damage)
             ... with a burning spray
             ... on level 3 of the Dungeon.
             The game lasted 00:00:06 (1570 turns).

qw the Skirmisher (Deep Elf Hunter)                 Turns: 1570, Time: 00:00:07

Health: -1/29      AC:  7    Str: 12    XL:     5   Next: 33%
Magic:  7/7        EV: 28    Int: 14    God:
Gold:   127        SH:  0    Dex: 18    Spells: 4/4 levels left

rFire   . . .        a - +1 shortbow
rCold   . . .        (shield currently unavailable)
rNeg    + . .        c - +4 robe "Fuishici" {rCorr Str+2 SInv}
rPois   .            (no helmet)
rElec   .            (no cloak)
rCorr   +            (no gloves)
SInv    +            j - +0 pair of boots
Will    .....        d - amulet of the acrobat
Stlth   +            e - ring of positive energy
HPRegen 0.24/turn    (no ring)
MPRegen 0.10/turn

%: acrobat
@: on fire, acrobatic, glowing
A: no striking features
a: no special abilities


You were on level 3 of the Dungeon.
You visited 1 branch of the dungeon, and saw 3 of its levels.

You collected 127 gold pieces.


   Skills:
 - Level 1.5 Fighting
 + Level 8.5 Ranged Weapons
 - Level 3.1 Dodging
 - Level 1.2 Stealth


You had 4 spell levels left.
You didn't know any spells.
Your spell library was empty.

Inventory:

Hand Weapons
 a - a +1 shortbow (weapon)
Armour
 b - a +0 pair of gloves
 c - the +4 robe "Fuishici" (worn) {rCorr Str+2 SInv}
   (You found it on level 2 of the Dungeon)

   Str+2:     It affects your strength (+2).
   SInv:      It lets you see invisible.
   rCorr:     It protects you from acid and corrosion.
 h - a +0 ring mail
 j - a +0 pair of boots (worn)
Jewellery
 d - an amulet of the acrobat (around neck)
 e - a ring of positive energy (left hand)
Scrolls
 f - 2 scrolls of identify

Dungeon Overview and Level Annotations

Branches:
Dungeon (3/15)

Altars:
Hepliaklqana

Annotations:
D:3 Natasha


Message History

Enter note:
Enter note: You see here 3 stones.
Enter note:
Enter note:
There is a shaft here.
There is a stone staircase leading down here.
You climb downwards.
Level annotation: Natasha
There is a stone staircase leading up here.
Found a hazy altar of Hepliaklqana.
Found a stone staircase leading up.
Enter note:
b - a +0 pair of gloves A bombardier beetle comes into view.
You shoot an arrow.
The arrow hits the bombardier beetle but does no damage.
You shoot an arrow. The arrow hits the bombardier beetle!
The bombardier beetle is heavily wounded.
The bombardier beetle sprays incendiary fluid at you.
The burning spray hits you.
You are covered in liquid fire!
You shoot an arrow.
The arrow hits the bombardier beetle but does no damage.
The bombardier beetle is heavily wounded.
The liquid fire burns you!
You shoot an arrow. The arrow hits the bombardier beetle!
You kill the bombardier beetle!
The liquid fire burns you!
You are on fire!
The liquid fire burns you!
You are on fire!
The liquid fire burns you!
You are on fire!
The liquid fire burns you!
You are on fire!
The liquid fire burns you!
You are on fire!
The liquid fire burns you!
You die...

#. ....##########
.......@.....#
#...#.#..###.# .# #
.% #....#.# .#
#.#..#.#.#.# .#
#..........######.#
...#..#.#.....#....#
####. ..
##..............#
..... .
...####.####.<.# #
##..##.....##.#.#


There were no monsters in sight!

Vanquished Creatures
  A phantom (D:3)
  A bombardier beetle (D:3)
  Natasha (D:3)
  3 adders (D:2)
  An orc (D:3)
  3 bats
  3 endoplasms
  A giant cockroach (D:1)
  3 goblins (D:2)
  A quokka (D:1)
  3 ball pythons
  5 frilled lizards
  2 kobolds
  2 rats (D:2)
30 creatures vanquished.

Notes
Turn   | Place    | Note
-------+----------+-------------------------------------------
     0 | D:1      | qw the Deep Elf Hunter began the quest for the Orb.
     0 | D:1      | Reached XP level 1. HP: 12/12 MP: 3/3
     0 | D:1      | 0 ||| qw: Version: 0.3-a-157-g843a77d
     0 | D:1      | 0 ||| qw: Game counter: 3951
     0 | D:1      | 0 ||| qw: Melee chars always use a shield: true
     0 | D:1      | 0 ||| qw: God list: Okawaru
     0 | D:1      | 0 ||| qw: Allow faded altars: false
     0 | D:1      | 0 ||| qw: Do Orc after clearing Dungeon:15 true
     0 | D:1      | 0 ||| qw: Do second Lair branch before Depths: true
     0 | D:1      | 0 ||| qw: Lair rune preference: random
     0 | D:1      | 0 ||| qw: Goals: Normal
     0 | D:1      | 0 ||| PLANNING D:1-11
     6 | D:1      | Noticed a basilisk
     6 | D:1      | Noticed a tyrant leech
     6 | D:1      | Noticed a ragged hierophant
     7 | D:1      | Noticed a centaur warrior
   416 | D:1      | Reached skill level 6 in Ranged Weapons
   416 | D:1      | Reached XP level 2. HP: 16/16 MP: 4/4
   535 | D:1      | 535 ||| UPGRADING to +0 scale mail.
   545 | D:1      | 545 ||| DROPPING +0 leather armour.
   546 | D:1      | 546 ||| UPGRADING to amulet of the acrobat.
   551 | D:1      | 551 ||| UPGRADING to ring of positive energy.
   552 | D:1      | 552 ||| READING scroll labelled ZIG JUK NEL.
   552 | D:1      | 552 ||| ENCHANTING +0 shortbow.
   553 | D:1      | 553 ||| DROPPING scroll of butterflies.
   568 | D:2      | Identified the +4 robe "Fuishici" {rCorr Str+2 SInv}
   801 | D:2      | Reached XP level 3. HP: 13/20 MP: 5/5
   900 | D:2      | Reached skill level 7 in Ranged Weapons
  1259 | D:2      | 1259 ||| UPGRADING to +4 robe "Fuishici" {rCorr Str+2
                  | SInv}.
  1269 | D:2      | 1269 ||| DROPPING +0 scale mail.
  1270 | D:2      | 1270 ||| UPGRADING to +0 pair of boots.
  1275 | D:2      | 1275 ||| READING 4 scrolls labelled DESEJIMOMO.
  1275 | D:2      | 1275 ||| IDENTIFYING smoky sapphire potion
  1276 | D:2      | 1276 ||| READING 3 scrolls of identify.
  1276 | D:2      | 1276 ||| IDENTIFYING scroll labelled KOQICH GEKOIDI
  1277 | D:2      | 1277 ||| READING 2 scrolls of identify.
  1277 | D:2      | 1277 ||| IDENTIFYING scroll labelled YSYRPH YN WORCH
  1278 | D:2      | 1278 ||| DROPPING scroll of amnesia.
  1279 | D:2      | 1279 ||| DROPPING scroll of blinking.
  1396 | D:3      | Noticed a phantom
  1397 | D:3      | 1397 ||| DRINKING potion of haste.
  1405 | D:3      | Killed a phantom
  1406 | D:3      | Reached skill level 8 in Ranged Weapons
  1406 | D:3      | Reached XP level 4. HP: 25/25 MP: 6/6
  1447 | D:3      | Noticed Natasha
  1457 | D:3      | Killed Natasha
  1458 | D:3      | Reached skill level 3 in Dodging
  1458 | D:3      | Reached XP level 5. HP: 24/29 MP: 7/7
  1460 | D:3      | Noticed Natasha
  1461 | D:3      | 1461 ||| FLEEEEING.
  1462 | D:3      | 1462 ||| FLEEEEING.
  1463 | D:3      | 1463 ||| FLEEEEING.
  1464 | D:3      | 1464 ||| FLEEEEING.
  1465 | D:3      | 1465 ||| STAIRDANCE
  1535 | D:3      | Found a hazy altar of Hepliaklqana.
  1569 | D:3      | HP: 5/29 [burnt (6)]
  1570 | D:3      | Incinerated by a bombardier beetle

Levels and vault maps discovered:
D:1:      onia_arrival_zoo_common, layout_loops_cross
D:2:      layout_basic, kennysheep_nub, grunt_decor_one_mirror
D:3:      layout_basic, old_standard_altar, minivault_19,
          guppyfry_early_orc_mine, uniq_natasha

Skill      XL: |  1  2  3  4 |
---------------+-------------+-----
Ranged Weapons | 6 8 |  8.5
Dodging        | 3 |  3.1
Fighting       | |  1.5
Stealth        | |  1.2

Action                     |  1- 3 |  4- 6 || total
---------------------------+-------+-------++-------
   Fire: Shortbow          |    69 |    15 ||    84
    Use: Scroll            |     4 |       ||     4
         Potion            |     1 |       ||     1
 Armour: Leather armour    |     9 |       ||     9
         Scale mail        |    15 |       ||    15
         Robe              |       |     4 ||     4
  Dodge: Dodged            |    12 |     2 ||    14

Table legend:
 A = Non-vault XP
 B = Vault XP
 C = Vault XP percentage of total XP
 D = Non-vault monster count
 E = Vault monster count
 F = Vault count percentage of total count
                 A         B        C        D         E       F
            +---------+---------+-------+---------+---------+-------
      Total |     222 |      35 |  13.6 |      29 |       1 |   3.3
            +---------+---------+-------+---------+---------+-------
        D:1 |      15 |       0 |   0.0 |      10 |       0 |   0.0
        D:2 |      56 |       0 |   0.0 |      15 |       0 |   0.0
        D:3 |     151 |      35 |  18.8 |       4 |       1 |  20.0
            +---------+---------+-------+---------+---------+-------
